 Dungeon Crawl Stone Soup version 0.20-a0-446-g9649680 (webtiles) character file.

421658 Kriby the Sorcerer (level 22, -3/161 HPs)
             Began as a Mummy Fire Elementalist on Jan 6, 2017.
             Was a High Priest of Sif Muna.
             Slain by a tengu reaver
             ... wielding a +0 great sword
              (9 damage)
             ... on level 3 of the Depths on Jan 7, 2017.
             The game lasted 04:54:33 (99807 turns).

Kriby the Sorcerer (Mummy Fire Elementalist)       Turns: 99807, Time: 04:54:34

Health: -3/161     AC: -1    Str: 18    XL:     22   Next: 66%
Magic:  28/48      EV: 14    Int: 29    God:    Sif Muna [*****.]
Gold:   2527       SH: 16    Dex: 15    Spells: 27/65 levels left

rFire  . . .     SeeInvis +     a - staff of conjuration
rCold  + . .     Gourm    .     D - +2 robe {rC+}
rNeg   + + +     Faith    .     r - +2 shield {reflect}
rPois  ∞         Spirit   .     h - +3 crown of Dyrovepreva {rElec Int+2 SInv}
rElec  +         Reflect  +     Q - +1 cloak {rPois}
rCorr  .         Harm     .     o - +0 pair of gloves {Str+3}
MR     ++...                    (no boots)
Stlth  ++........               T - amulet of regeneration
                                R - ring "Bajiptux" {Fire Dex+5}
                                X - ring of Noewezu {Wiz Str+4 Int+5 Dex-5}

@: about to teleport, corroded, delayed fireball, repel missiles
A: no food or potions, fire vulnerability, cold resistance 1, negative energy
resistance 3, torment resistance, unbreathing, in touch with death 1
}: 2/15 runes: serpentine, barnacled
a: Divine Energy, Channel Magic, Forget Spell, Renounce Religion, Release
Delayed Fireball


You were on level 3 of the Depths.
You worshipped Sif Muna.
Sif Muna was extremely pleased with you.
You were not hungry.

You visited 9 branches of the dungeon, and saw 40 of its levels.
You visited 1 bazaar.
You also visited: Labyrinth and Ice Cave.

You collected 4412 gold pieces.
You spent 1885 gold pieces at shops.

Inventory:

Hand Weapons
 b - a +2 demon whip of draining
Armour
 e - +0 fire dragon scales
 h - the +3 crown of Dyrovepreva (worn) {rElec Int+2 SInv}
   (You found it on level 3 of the Elven Halls)

   It affects your intelligence (+2).
   It insulates you from electricity.
   It lets you see invisible.
 o - a +0 pair of gloves of strength (worn)
 r - a +2 shield of reflection (worn)
 v - a +2 large shield of protection
 D - a +2 robe of cold resistance (worn)
 H - a +2 ring mail of cold resistance
 Q - a +1 cloak of poison resistance (worn)
Magical Staves
 a - an uncursed staff of conjuration (weapon)
 c - an uncursed staff of energy
Jewellery
 d - an uncursed ring of resist corrosion
 l - an uncursed ring of see invisible
 x - the ring of Umyfeim {rPois rF+ Dex+4}
   (You took it off a deep elf elementalist on level 3 of the Elven Halls)

   [ring of dexterity]

   It affects your dexterity (+4).
   It protects you from fire.
   It protects you from poison.
 J - an uncursed ring of flight
 R - the ring "Bajiptux" (right hand) {Fire Dex+5}
   (You bought it in a shop on level 10 of the Dungeon)

   [ring of fire]

   It enhances your fire magic.
   It affects your dexterity (+5).
   It protects you from fire.
   It makes you vulnerable to cold.
 T - an amulet of regeneration (around neck)
 X - the ring of Noewezu (left hand) {Wiz Str+4 Int+5 Dex-5}
   (You took it off a deep elf elementalist on level 3 of the Elven Halls)

   [ring of wizardry]

   It improves your spell success rate.
   It affects your strength (+4).
   It affects your intelligence (+5).
   It affects your dexterity (-5).
Wands
 f - a wand of disintegration (17/24)
 q - a wand of lightning (5/15)
 s - a wand of iceblast (11/15)
 t - a wand of digging (6/24)
 y - a wand of acid (11/15)
 L - a wand of paralysis (8/24)
Scrolls
 g - 9 scrolls of enchant weapon
 i - 8 scrolls of remove curse
 p - 22 scrolls of identify
 u - 2 scrolls of silence
 w - 2 scrolls of fog
 A - 4 scrolls of enchant armour
 C - 4 scrolls of amnesia
 E - 5 scrolls of magic mapping
 F - a scroll of blinking
 I - 2 scrolls of fear
 N - 12 scrolls of teleportation
 U - 5 scrolls of immolation
 V - 3 scrolls of recharging
Books
 j - a book of the Sky

   Spells                             Type                      Level
   a - Summon Lightning Spire         Summoning/Air                4
   b - Airstrike                      Air                          4
   c - Silence                        Hexes/Air                    5
   d - Deflect Missiles               Charms/Air                   6
   e - Conjure Ball Lightning         Conjuration/Air              6
   f - Tornado                        Air                          9
 k - Sif Muna's Reference Book on Curses and the Traveller
   (Sif Muna gifted it to you on level 2 of the Orcish Mines)

   Spells                             Type                      Level
   a - Shroud of Golubria             Charms/Translocation         2
   b - Lesser Beckoning               Translocation                3
   c - Teleport Other                 Translocation                3
   d - Metabolic Englaciation         Hexes/Ice                    5
   e - Invisibility                   Hexes                        6
 m - Sif Muna's Grimoire of Toxins and Enhancements
   (Sif Muna gifted it to you on level 3 of the Lair of Beasts)

   Spells                             Type                      Level
   a - Repel Missiles                 Charms/Air                   2
   b - Mephitic Cloud                 Conjuration/Poison/Air       3
   c - Olgreb's Toxic Radiance        Poison                       4
   d - Venom Bolt                     Conjuration/Poison           5
   e - Iskenderun's Battlesphere      Conjuration/Charms           5
 n - Zifa's Reference Book on the Damaging Glacier
   (Sif Muna gifted it to you on level 1 of the Elven Halls)

   Spells                             Type                      Level
   a - Throw Frost                    Conjuration/Ice              2
   b - Conjure Flame                  Conjuration/Fire             3
   c - Fulminant Prism                Conjuration/Hexes            4
   d - Sticky Flame                   Conjuration/Fire             4
   e - Orb of Destruction             Conjuration                  7
 z - a book of Party Tricks

   Spells                             Type                      Level
   a - Summon Butterflies             Summoning                    1
   b - Apportation                    Translocation                1
   c - Lesser Beckoning               Translocation                3
   d - Tukima's Dance                 Hexes                        3
   e - Alistair's Intoxication        Transmutation/Poison         5
   f - Invisibility                   Hexes                        6
 B - Sif Muna's Reference Book on Floating Conjuration
   (Sif Muna gifted it to you on level 2 of the Snake Pit)

   Spells                             Type                      Level
   a - Sticky Flame                   Conjuration/Fire             4
   b - Summon Lightning Spire         Summoning/Air                4
   c - Conjure Ball Lightning         Conjuration/Air              6
   d - Poison Arrow                   Conjuration/Poison           6
   e - Glaciate                       Conjuration/Ice              9
 G - Tocal's Reference Book on Translocation
   (Sif Muna gifted it to you on level 4 of the Snake Pit)

   Spells                             Type                      Level
   a - Apportation                    Translocation                1
   b - Portal Projectile              Translocation                3
   c - Malign Gateway                 Summoning/Translocation      7
   d - Controlled Blink               Translocation                8
 K - a book of Geomancy

   Spells                             Type                      Level
   a - Sandblast                      Earth                        1
   b - Passwall                       Transmutation/Earth          2
   c - Stone Arrow                    Conjuration/Earth            3
   d - Petrify                        Transmutation/Earth          4
   e - Lee's Rapid Deconstruction     Earth                        5
 M - a book of Changes

   Spells                             Type                      Level
   a - Beastly Appendage              Transmutation                1
   b - Sticks to Snakes               Transmutation                2
   c - Spider Form                    Transmutation/Poison         3
   d - Ice Form                       Ice/Transmutation            4
   e - Blade Hands                    Transmutation                5
 O - Sif Muna's Reference Book on Freezing Battle Magic
   (Sif Muna gifted it to you on level 4 of the Snake Pit)

   Spells                             Type                      Level
   a - Magic Dart                     Conjuration                  1
   b - Conjure Flame                  Conjuration/Fire             3
   c - Throw Icicle                   Conjuration/Ice              4
   d - Fireball                       Conjuration/Fire             5
   e - Bolt of Draining               Conjuration/Necromancy       5
   f - Conjure Ball Lightning         Conjuration/Air              6
   g - Spellforged Servitor           Conjuration/Summoning        7
 S - a book of Death

   Spells                             Type                      Level
   a - Corpse Rot                     Necromancy                   2
   b - Sublimation of Blood           Necromancy                   2
   c - Agony                          Necromancy                   5
   d - Dispel Undead                  Necromancy                   5
   e - Excruciating Wounds            Charms/Necromancy            5
   f - Bolt of Draining               Conjuration/Necromancy       5
 W - Sif Muna's Volume of Earth and Fire
   (Sif Muna gifted it to you on level 13 of the Dungeon)

   Spells                             Type                      Level
   a - Stone Arrow                    Conjuration/Earth            3
   b - Fireball                       Conjuration/Fire             5
   c - Bolt of Magma                  Conjuration/Fire/Earth       5
   d - Bolt of Fire                   Conjuration/Fire             6
   e - Iron Shot                      Conjuration/Earth            6
   f - Lehudib's Crystal Spear        Conjuration/Earth            8
   g - Fire Storm                     Conjuration/Fire             9
 Y - a book of Callings

   Spells                             Type                      Level
   a - Summon Small Mammal            Summoning                    1
   b - Call Imp                       Summoning                    2
   c - Call Canine Familiar           Summoning                    3
   d - Summon Guardian Golem          Hexes/Summoning              3
   e - Summon Lightning Spire         Summoning/Air                4
   f - Summon Ice Beast               Ice/Summoning                4
 Z - Sif Muna's Grimoire of Conjuration
   (Sif Muna gifted it to you on level 3 of the Snake Pit)

   Spells                             Type                      Level
   a - Conjure Flame                  Conjuration/Fire             3
   b - Sticky Flame                   Conjuration/Fire             4
   c - Fireball                       Conjuration/Fire             5
   d - Orb of Destruction             Conjuration                  7
   e - Delayed Fireball               Conjuration/Fire             7
   f - Chain Lightning                Conjuration/Air              8
Miscellaneous
 P - a lamp of fire


   Skills:
 - Level 10.8 Fighting
 - Level 1.3 Staves
 - Level 3.4 Armour
 - Level 4.0 Dodging
 - Level 1.5 Stealth
 - Level 15.0 Shields
 + Level 22.3 Spellcasting
 + Level 16.4 Conjurations
 - Level 6.6 Necromancy
 + Level 15.5 Fire Magic
 - Level 10.6 Invocations


You had 27 spell levels left.
You knew the following spells:

 Your Spells              Type           Power        Failure   Level  Hunger
a - Death Channel         Necr           #######...   4%          6    N/A
b - Conjure Flame         Conj/Fire      ########     0%          3    N/A
c - Sticky Flame          Conj/Fire      ########     0%          4    N/A
d - Throw Flame           Conj/Fire      ######       0%          2    N/A
e - Fireball              Conj/Fire      ########..   1%          5    N/A
f - Bolt of Magma         Conj/Fire/Erth ########..   1%          5    N/A
h - Delayed Fireball      Conj/Fire      N/A          1%          7    N/A
k - Orb of Destruction    Conj           ########..   1%          7    N/A
R - Repel Missiles        Chrm/Air       ####..       1%          2    N/A
T - Blink                 Tloc           N/A          1%          2    N/A

Dungeon Overview and Level Annotations

Branches:
Dungeon (15/15)            Temple (1/1) D:7            Lair (6/6) D:8
 Shoals (4/4) Lair:4        Snake (4/4) Lair:2        Slime (0/5) Lair:5
    Orc (2/2) D:9             Elf (3/3) Orc:2        Vaults (2/5) D:14
 Depths (3/5) D:15
  Crypt: Vaults:2-3

Altars:
Ashenzari
Cheibriados
Dithmenos
Elyvilon
Fedhas
Gozag
Hepliaklqana
Kikubaaqudgha
Makhleb
Nemelex Xobeh
Okawaru
Qazlal
Ru
Sif Muna
Trog
Uskayaw
Vehumet
Xom
Yredelemnul
Zin
The Shining One
Lugonu

Shops:
D:8 *   D:10 =%(%%   Orc:2 =*[(   Elf:2 (   Shoals:1 ?   Snake:1 =(

Portals:
Hell: Depths:1 Depths:2 Depths:3
Abyss: Depths:1
Pandemonium: Depths:2 Depths:3
Ziggurat: Depths:3

Annotations:
Lair:4 exclusion: downstairs
Elf:2 3 runed doors
Vaults:2 Mennas


Innate Abilities, Weirdness & Mutations

You do not eat or drink.
Your flesh is vulnerable to fire.
You are immune to poison.
Your flesh is cold resistant. (rC+)
You are immune to negative energy. (rN+++)
You are immune to unholy pain and torment.
You can survive without breathing.
You are in touch with the powers of death.


Message History

You feel strangely unstable. The caustic shrike claws you!!
The acid corrodes you!
You are splashed with acid!
The acid burns!
The caustic shrike claws you!! The acid corrodes you!
You are splashed with acid!
The acid burns!
* * * LOW HITPOINT WARNING * * *
The caustic shrike barely misses you. x2
Casting: Sticky Flame
Confirm with . or Enter, or press ? or * to list all spells.
You blink.
The caustic shrike claws you!!
* * * LOW HITPOINT WARNING * * *
You are splashed with acid!
The acid burns!
* * * LOW HITPOINT WARNING * * *
The tengu reaver casts a spell.
The tengu reaver conjures a globe of magical energy!
A battlesphere comes into view.
Casting: Blink
Confirm with . or Enter, or press ? or * to list all spells.
You blink.
You block the tengu reaver's attack. The tengu reaver closely misses you.
The tengu reaver claws you!
You die...

#.....##..............#
##...##.....###.#####.###
.###.#......###.#eCL#8..#
##...##......##.#HGb'.b.#
#.....#......#..#Q|y#8..###
)....##......#..#####.....##
....##.....###..*..........#
....#......#.........##....#
..[.###....#....@..∩.#..#..##
.###..#...##....QC..)..###..##
...##.#...#...........##.#...#
....####.....b...†.).##.∩).#.#
##..#..#####..b.......##.#)..#
.##........#.§....."...###...#
..###.....§.........##.)#....#
..#........#.......##..).....##
..#..#####.#...#######(.......#


You could see 2 caustic shrikes, a stone giant, a tengu reaver and a
battlesphere.

Vanquished Creatures
  Mara (Depths:1)
  Saint Roka (Vaults:2)
  Jorgrun (Vaults:2)
  2 deep elf blademasters (Elf:3)
  4 krakens
  2 deep elf master archers (Elf:3)
  2 acid blobs (Depths:1)
  Polyphemus (Shoals:2)
  A sphinx (Vaults:2)
  Kirke (Shoals:2)
  Ilsuiw (Shoals:4)
  A storm dragon (Depths:2)
  6 azure jellies (Depths:1)
  A frost giant (IceCv)
  9 nagarajas
  2 fire giants
  Roxanne (Shoals:2)
  An orc warlord (Orc:2)
  A vault warden (Vaults:1)
  Louise (D:14)
  3 deep elf sorcerers (Elf:3)
  A ghoul (Vaults:2)
  Aizul (Snake:3)
  6 deep elf elementalists (Elf:3)
  5 stone giants
  4 ironheart preservers (Vaults:1)
  A reaper (Depths:2)
  3 entropy weavers
  5 deep elf demonologists (Elf:3)
  The ghost of WhatIsLove the Destroyer, a journeyman OpCj of Sif Muna (D:14)
  4 very ugly things
  Azrael (D:12)
  A vampire knight (Vaults:2)
  7 deep elf annihilators (Elf:3)
  4 deep elf death magi
  9 spark wasps
  3 ettins
  A minotaur (Lab)
  2 death oozes (Depths:1)
  5 merfolk javelineers
  11 ogre magi
  8 fire dragons
  Josephine (D:14)
  3 deep elf high priests (Elf:3)
  7 merfolk impalers
  7 rakshasas
  2 yaktaur captains
  Fannar (D:10)
  8 hydras
  21 naga warriors
  5 great orbs of eyes
  Erolcha (Orc:1)
  2 vault guards (Vaults:1)
  5 ice dragons
  12 anacondas
  Erica (Lair:2)
  5 catoblepae
  A merfolk avatar (Shoals:3)
  5 centaur warriors
  5 merfolk aquamancers
  7 satyrs
  12 death yaks
  3 alligator snapping turtles (Shoals:4)
  4 tengu warriors
  36 two-headed ogres
  14 dancing weapons
  15 naga sharpshooters
  2 vampire magi
  Urug (Lair:5)
  12 shock serpents
  3 orc high priests (Orc:2)
  The ghost of lupus83 the Carver, a novice FoFi (D:8)
  2 spriggan berserkers (Depths:3)
  A sun demon (Depths:2)
  12 deep elf knights
  3 unseen horrors
  10 sea snakes
  2 shadow wraiths
  2 skeletal warriors
  9 salamander mystics
  A sixfirhy (Depths:2)
  2 unseen horrors (shapeshifter)
  2 wizards
  A glowing orange brain (D:15)
  A deep troll (Depths:2)
  11 orc knights
  11 naga ritualists
  A flayed ghost (Vaults:1)
  15 deep elf archers
  19 mana vipers
  3 ironbrand convokers (Vaults:1)
  5 lindwurms
  A wolf spider zombie (D:14)
  A phantasmal warrior (Vaults:2)
  22 harpies
  53 deep elf magi
  20 manticores
  6 orc sorcerers
  3 wolf spiders
  A cyclops (shapeshifter) (D:13)
  31 ugly things
  17 fauns
  11 cyclopes
  4 elephants (Lair:6)
  27 salamanders
  14 merfolk sirens
  4 vault sentinels
  2 ice statues
  A rust devil (Depths:2)
  61 black mambas
  35 naga magi
  2 water nymphs (Shoals:2)
  10 guardian serpents
  9 gargoyles
  17 spiny frogs
  A guardian serpent (shapeshifter) (Depths:2)
  4 komodo dragons
  2 torpor snails
  4 rime drakes
  5 spectral swamp worms (Depths:2)
  2 kobold demonologists (D:12)
  An efreet (D:13)
  4 yaktaurs
  2 tengu conjurers
  43 merfolk
  4 harpy zombies (Shoals:3)
  7 trolls
  4 hornets
  15 polar bears
  Grinder (D:3)
  2 jumping spiders
  12 wind drakes
  Prince Ribbit (D:6)
  A wolf spider simulacrum (D:14)
  A polar bear (shapeshifter) (D:15)
  27 blink frogs
  10 dream sheep
  A human simulacrum (Vaults:1)
  A meliai zombie (D:14)
  18 slime creatures
  10 hippogriffs
  A hippogriff (shapeshifter) (D:15)
  16 snapping turtles
  15 water elementals
  6 redbacks
  An air elemental (Elf:1)
  12 wraiths
  A tarantella (Vaults:1)
  A spriggan (D:12)
  A wyvern (Lair:5)
  3 shadows
  4 hogs (Shoals:2)
  85 yaks
  5 fire elementals
  A hungry ghost (D:12)
  A yak (shapeshifter) (Depths:2)
  6 basilisks
  A neqoxec (Depths:2)
  2 vampire mosquitoes
  3 steam dragons
  A chaos spawn (Depths:2)
  78 nagas
  2 acid dragons (D:13)
  3 wargs
  14 water moccasins
  4 hell hounds (D:12)
  8 porcupines
  44 orc warriors
  13 ice beasts
  2 sky beasts
  2 black bears
  5 phantoms
  2 necrophages
  The ghost of WhatIsLove the Slasher, an amateur BaMo (D:3)
  27 wolves
  11 centaurs
  48 ogres
  14 crocodiles
  A hippogriff zombie (Shoals:3)
  2 big kobolds
  2 earth elementals
  26 bullfrogs
  2 wyvern skeletons
  7 scorpions
  6 killer bees
  8 wights
  5 howler monkeys
  2 bullfrog zombies
  4 centaur zombies
  14 crimson imps
  7 hounds
  4 quasits
  A yaktaur simulacrum (Vaults:1)
  20 jellies
  6 centaur skeletons
  A gnoll shaman (D:6)
  31 orc priests
  Crazy Yiuf (D:3)
  4 bullfrog skeletons
  3 iron imps
  12 iguanas
  Terence (D:2)
  39 orc wizards
  Natasha (thrice) (D:3)
  16 worker ants
  A killer bee zombie (D:8)
  An ogre zombie (Orc:1)
  A hound zombie (D:11)
  2 hound skeletons
  2 worker ant zombies
  Robin (D:2)
  13 gnolls
  17 adders
  5 shadow imps
  2 white imps
  10 oozes
  4 adder zombies
  2 adder skeletons
  3 worms
  2 dart slugs
  8 leopard geckos
  127 orcs
  9 bats
  2 bat zombies (D:9)
  2 giant cockroaches
  22 goblins
  18 hobgoblins
  18 jackals
  7 quokkas
  4 ball pythons
  8 frilled lizards
  A jackal skeleton (D:4)
  21 kobolds
  6 rats
  2 rat zombies (D:9)
  3 fungi
  18 plants
  A tentacle (Shoals:3)
1991 creatures vanquished.

Vanquished Creatures (collateral kills)
  Nikola (Depths:1)
  6 very ugly things (Depths:1)
  A stone giant (Depths:1)
  A spark wasp (Depths:2)
  An ice dragon (Depths:2)
  A two-headed ogre (Depths:1)
  An ogre mage (Depths:1)
  A deep troll shaman (Depths:2)
  A deep troll earth mage (Depths:2)
  A deep troll (Depths:2)
  An ugly thing (Depths:1)
  2 salamanders (Depths:1)
  3 yaktaurs (Depths:1)
  2 orcs (Vaults:2)
23 creatures vanquished.

Vanquished Creatures (others)
  A stone giant (Vaults:2)
  A centaur warrior (Depths:2)
  A yaktaur (Depths:1)
  A tengu conjurer (Depths:2)
  An ogre (Depths:1)
  A centaur skeleton (D:12)
  A quokka (D:8)
  28 fungi
  60 plants
  28 tentacles
123 creatures vanquished.

Grand Total: 2137 creatures vanquished

Notes
Turn   | Place    | Note
-------+----------+-------------------------------------------
     0 | D:1      | Kriby the Mummy Fire Elementalist began the quest for the Orb.
     0 | D:1      | Reached XP level 1. HP: 13/13 MP: 4/4
    36 | D:1      | Reached skill level 1 in Conjurations
   251 | D:1      | Reached XP level 2. HP: 19/19 MP: 3/5
  7419 | D:1      | Reached XP level 3. HP: 24/24 MP: 5/7
  8215 | D:2      | Found a faded altar of an unknown god.
  8296 | D:2      | Reached skill level 1 in Shields
  8883 | D:2      | Noticed Robin
  9070 | D:2      | Reached XP level 4. HP: 30/30 MP: 5/8
  9124 | D:2      | Killed Robin
  9521 | D:2      | Noticed Terence
  9533 | D:2      | Learned a level 3 spell: Conjure Flame
  9565 | D:2      | Killed Terence
  9957 | D:3      | Noticed Grinder
  9963 | D:3      | Paralysed by Grinder for 3 turns
 10124 | D:3      | Paralysed by Grinder for 3 turns
 10148 | D:3      | Paralysed by Grinder for 2 turns
 10151 | D:3      | Paralysed by Grinder for 4 turns
 10157 | D:3      | Killed Grinder
 10157 | D:3      | Reached skill level 4 in Spellcasting
 10157 | D:3      | Reached XP level 5. HP: 7/35 MP: 0/11
 10157 | D:3      | Reached XP level 6. HP: 9/41 MP: 0/12
 10403 | D:3      | Learned a level 4 spell: Sticky Flame
 10406 | D:3      | Learned a level 2 spell: Throw Flame
 10456 | D:3      | Noticed Natasha
 10458 | D:3      | Killed Natasha
 10904 | D:3      | Noticed Natasha
 11206 | D:3      | Found a runed door.
 11226 | D:3      | Killed Natasha
 11299 | D:3      | Noticed Natasha
 11299 | D:3      | Noticed WhatIsLove's ghost (amateur BaMo)
 11318 | D:3      | Killed Natasha
 11521 | D:3      | Killed WhatIsLove's ghost
 11521 | D:3      | Reached skill level 5 in Spellcasting
 11521 | D:3      | Reached XP level 7. HP: 29/46 MP: 0/14
 11799 | D:3      | Learned a level 5 spell: Fireball
 12093 | D:3      | Noticed Crazy Yiuf
 12100 | D:3      | Killed Crazy Yiuf
 12516 | D:4      | Reached skill level 6 in Spellcasting
 13291 | D:4      | Found a bloodstained altar of Trog.
 13396 | D:5      | Entered Level 5 of the Dungeon
 13401 | D:5      | Found a sacrificial altar of Ru.
 13487 | D:5      | Reached XP level 8. HP: 44/52 MP: 12/18
 14310 | D:5      | Reached skill level 7 in Spellcasting
 15556 | D:5      | Reached skill level 8 in Spellcasting
 15757 | D:5      | Reached skill level 1 in Fighting
 16243 | D:6      | Reached skill level 1 in Staves
 16293 | D:6      | Found a white marble altar of Elyvilon.
 16515 | D:6      | Reached XP level 9. HP: 61/61 MP: 14/21
 16813 | D:6      | Noticed Prince Ribbit
 16821 | D:6      | Killed Prince Ribbit
 16821 | D:6      | Reached skill level 9 in Spellcasting
 17046 | D:6      | Reached skill level 5 in Fire Magic
 17165 | D:6      | Reached skill level 5 in Conjurations
 18017 | D:7      | Reached skill level 10 in Spellcasting
 18704 | D:7      | Found a staircase to the Ecumenical Temple.
 18717 | Temple   | Entered the Ecumenical Temple
 18860 | Temple   | Became a worshipper of Sif Muna the Loreminder
 19360 | D:8      | Noticed lupus83's ghost (novice FoFi)
 19374 | D:8      | Killed lupus83's ghost
 19374 | D:8      | Reached skill level 11 in Spellcasting
 19374 | D:8      | Reached XP level 10. HP: 44/67 MP: 13/25
 19379 | D:8      | Noticed a two-headed ogre
 19387 | D:8      | Killed a two-headed ogre
 19387 | D:8      | Reached * piety under Sif Muna
 19606 | D:8      | Noticed a brown ugly thing
 19610 | D:8      | Killed a brown ugly thing
 19771 | D:8      | Found a staircase to the Lair.
 19803 | D:8      | Found a white marble altar of Elyvilon.
 19808 | D:8      | Found Tatat's General Store.
 20198 | D:8      | Found an iron altar of Okawaru.
 20198 | D:8      | Found a glowing silver altar of Zin.
 20252 | D:8      | Reached skill level 12 in Spellcasting
 20441 | D:8      | Bought 2 scrolls of teleportation for 72 gold pieces
 20441 | D:8      | Bought a scroll of silence for 90 gold pieces
 20441 | D:8      | Bought a scroll of teleportation for 36 gold pieces
 20476 | D:8      | Found a blossoming altar of Fedhas.
 20897 | D:8      | Reached ** piety under Sif Muna
 21278 | D:9      | Found an ancient bone altar of Kikubaaqudgha.
 22533 | D:9      | Found a staircase to the Orcish Mines.
 22876 | D:10     | Entered Level 10 of the Dungeon
 23197 | D:10     | Reached *** piety under Sif Muna
 23516 | D:10     | Found Utoussuc's Jewellery Emporium.
 23518 | D:10     | Found Tolydghu's Food Emporium.
 23535 | D:10     | Found Tyki's Food Shop.
 23541 | D:10     | Found Eqesauhi's Weapon Boutique.
 23911 | D:10     | Found Qerin's Food Emporium.
 24107 | D:10     | Noticed Fannar
 24115 | D:10     | Killed Fannar
 24115 | D:10     | Reached XP level 11. HP: 69/72 MP: 1/27
 24257 | D:10     | Found a white marble altar of Elyvilon.
 24525 | Lair:1   | Entered Level 1 of the Lair of Beasts
 24614 | Lair:1   | Noticed a five-headed hydra
 24621 | Lair:1   | Killed a five-headed hydra
 24795 | Lair:1   | Noticed a seven-headed hydra
 24851 | Lair:1   | Killed a seven-headed hydra
 24851 | Lair:1   | Reached **** piety under Sif Muna
 25166 | Lair:1   | Reached skill level 1 in Invocations
 25522 | Lair:1   | Upgraded the game from 0.20-a0-441-g89e74e4 to 0.20-a0-446-g9649680
 26028 | Lair:1   | Noticed a five-headed hydra
 26032 | Lair:1   | Killed a five-headed hydra
 26512 | Lair:2   | Noticed Erica
 26574 | Lair:2   | Killed Erica
 26738 | Lair:2   | Reached XP level 12. HP: 78/78 MP: 10/28
 26966 | Lair:2   | Found a staircase to the Snake Pit.
 27024 | Lair:2   | Reached skill level 5 in Invocations
 27149 | Lair:2   | Reached ***** piety under Sif Muna
 28008 | Lair:3   | Identified Sif Muna's Grimoire of Toxins and Enhancements (Sif Muna gifted it to you on level 3 of the Lair of Beasts)
 28008 | Lair:3   | Received a gift from Sif Muna
 28112 | Lair:3   | Found a labyrinth entrance.
 28120 | Lab      | Entered a labyrinth
 29110 | Lab      | Noticed a minotaur
 29118 | Lab      | Killed a minotaur
 29147 | Lab      | Got a steaming glass ring
 29164 | Lair:3   | Identified the ring "Sytodev" {Ice rPois rN+} (You took it off a minotaur in a labyrinth)
 30767 | Lair:4   | Found a staircase to the Shoals.
 31437 | Lair:4   | Reached skill level 10 in Fire Magic
 31496 | Lair:5   | Reached skill level 10 in Conjurations
 31946 | Lair:5   | Gained mutation: You are in touch with the powers of death. [Mummy growth]
 31946 | Lair:5   | Reached XP level 13. HP: 84/84 MP: 5/29
 32153 | Lair:5   | Noticed Urug
 32381 | Lair:5   | Found a staircase to the Slime Pits.
 32717 | Lair:5   | Learned a level 2 spell: Repel Missiles
 32728 | Lair:5   | Killed Urug
 32941 | Lair:6   | Entered Level 6 of the Lair of Beasts
 34864 | Lair:6   | Reached skill level 10 in Invocations
 36483 | Lair:6   | Identified Vagenal's Guide on Twisted Ice (Sif Muna gifted it to you on level 6 of the Lair of Beasts)
 36483 | Lair:6   | Received a gift from Sif Muna
 36752 | Lair:6   | Reached XP level 14. HP: 90/90 MP: 24/30
 37186 | Lair:6   | Reached skill level 13 in Spellcasting
 37515 | Lair:6   | Reached skill level 14 in Spellcasting
 38341 | Orc:1    | Entered Level 1 of the Orcish Mines
 40343 | D:12     | Noticed Azrael
 40881 | Orc:1    | Reached skill level 15 in Spellcasting
 41293 | Orc:1    | Found a bloodstained altar of Trog.
 41464 | Orc:1    | Noticed Erolcha
 41470 | Orc:1    | Reached skill level 5 in Fighting
 41472 | Orc:1    | Killed Erolcha
 41725 | Orc:2    | Entered Level 2 of the Orcish Mines
 42339 | Orc:2    | Found a staircase to the Elven Halls.
 43199 | Orc:2    | Reached skill level 16 in Spellcasting
 43637 | Orc:2    | Noticed an orc warlord
 43842 | Orc:2    | Killed an orc warlord
 43842 | Orc:2    | Reached XP level 15. HP: 107/107 MP: 6/35
 44453 | Orc:2    | Identified Sif Muna's Reference Book on Curses and the Traveller (Sif Muna gifted it to you on level 2 of the Orcish Mines)
 44453 | Orc:2    | Received a gift from Sif Muna
 44751 | Orc:2    | Found Huesuasi's General Store.
 44752 | Orc:2    | Found Eciets's Jewellery Shop.
 44754 | Orc:2    | Found Dizo's Antique Armour Boutique.
 44754 | Orc:2    | Found Unadesinn's Antique Weapon Boutique.
 44770 | Orc:2    | Bought an uncursed amulet of magic regeneration for 330 gold pieces
 44963 | D:10     | Bought the ring "Bajiptux" {Fire Dex+5} for 595 gold pieces
 45148 | Orc:2    | Bought a glowing robe for 227 gold pieces
 45441 | Snake:1  | Entered Level 1 of the Snake Pit
 45502 | Shoals:1 | Entered Level 1 of the Shoals
 46311 | Shoals:1 | Found Xymnad's Magic Scroll Shop.
 46421 | Shoals:1 | Bought a scroll of fear for 66 gold pieces
 46421 | Shoals:1 | Bought a scroll of fog for 38 gold pieces
 46421 | Shoals:1 | Bought a scroll of fear for 66 gold pieces
 46421 | Shoals:1 | Bought a scroll of fog for 38 gold pieces
 46421 | Shoals:1 | Bought a scroll of immolation for 66 gold pieces
 46421 | Shoals:1 | Bought a scroll of fog for 38 gold pieces
 46421 | Shoals:1 | Bought a scroll of teleportation for 57 gold pieces
 46931 | Shoals:2 | Noticed Roxanne
 47260 | Shoals:1 | Reached skill level 10 in Fighting
 47456 | Shoals:2 | Noticed Kirke
 47647 | Shoals:2 | Killed Kirke
 47871 | Shoals:2 | Noticed Polyphemus
 47879 | Shoals:2 | Killed Polyphemus
 47883 | Shoals:2 | Reached skill level 17 in Spellcasting
 49458 | Shoals:3 | Noticed a kraken
 49465 | Shoals:3 | Reached XP level 16. HP: 99/124 MP: 3/37
 49469 | Shoals:3 | HP: 2/124 [merfolk javelineer/javelin of penetration (14)]
 51809 | Shoals:4 | Entered Level 4 of the Shoals
 51812 | Shoals:4 | Noticed a kraken
 52085 | Shoals:3 | Noticed a kraken
 52089 | Shoals:3 | Killed a kraken
 52089 | Shoals:3 | Reached skill level 1 in Armour
 52089 | Shoals:3 | Reached skill level 18 in Spellcasting
 52639 | Shoals:3 | Killed a kraken
 52639 | Shoals:3 | Identified Muycsun's Reference Book on the Arsonist and Earth (Sif Muna gifted it to you on level 3 of the Shoals)
 52639 | Shoals:3 | Received a gift from Sif Muna
 52980 | Shoals:4 | HP: 6/124 [wind drake/the air (6)]
 52998 | Shoals:4 | HP: 5/124 [merfolk/tomahawk (7)]
 52999 | Shoals:4 | HP: 2/124 [merfolk/tomahawk (4)]
 53902 | Snake:1  | HP: 4/124 [something (6)]
 55200 | Snake:1  | Found a gateway to a bazaar.
 55204 | Bazaar   | Entered a bazaar
 55204 | Bazaar   | Found Qisiris's Armour Boutique.
 55204 | Bazaar   | Found Zeopto's Armour Shop.
 55204 | Bazaar   | Found Firaes's Antique Weapon Shop.
 55236 | Bazaar   | Bought a +2 shield of reflection for 166 gold pieces
 55306 | Snake:1  | Learned a level 5 spell: Bolt of Draining
 55485 | Snake:1  | Reached skill level 1 in Necromancy
 55678 | Snake:1  | Found Nohiatre's Antique Weapon Shop.
 55698 | Snake:1  | Found Orowoh's Jewellery Emporium.
 56532 | Snake:2  | Reached skill level 5 in Necromancy
 56919 | Snake:2  | Found Negh's Antique Armour Boutique.
 57800 | Snake:2  | Reached XP level 17. HP: 130/130 MP: 28/39
 58386 | Snake:2  | Identified Sif Muna's Reference Book on Floating Conjuration (Sif Muna gifted it to you on level 2 of the Snake Pit)
 58386 | Snake:2  | Received a gift from Sif Muna
 59498 | Snake:3  | Noticed Aizul
 59506 | Snake:3  | Killed Aizul
 60580 | Snake:3  | Reached skill level 19 in Spellcasting
 60806 | Snake:3  | Identified Sif Muna's Grimoire of Conjuration (Sif Muna gifted it to you on level 3 of the Snake Pit)
 60806 | Snake:3  | Received a gift from Sif Muna
 60902 | Snake:3  | Learned a level 7 spell: Orb of Destruction
 60920 | Snake:3  | Learned a level 7 spell: Delayed Fireball
 61794 | Snake:4  | Entered Level 4 of the Snake Pit
 63710 | Snake:4  | Reached XP level 18. HP: 136/136 MP: 28/41
 64192 | Snake:4  | Identified Sif Muna's Reference Book on Freezing Battle Magic (Sif Muna gifted it to you on level 4 of the Snake Pit)
 64192 | Snake:4  | Received a gift from Sif Muna
 65839 | Snake:4  | Reached skill level 20 in Spellcasting
 66674 | Snake:4  | Identified Tocal's Reference Book on Translocation (Sif Muna gifted it to you on level 4 of the Snake Pit)
 66674 | Snake:4  | Received a gift from Sif Muna
 66741 | Snake:4  | Got a serpentine rune of Zot
 68036 | D:12     | Killed Azrael
 69442 | D:13     | Found a frozen archway.
 69463 | IceCv    | Entered an ice cave
 70364 | IceCv    | Identified the +3 scale mail of Spite {rN+} (You found it in an ice cave)
 70616 | IceCv    | Reached XP level 19. HP: 142/142 MP: 25/43
 70754 | IceCv    | Got a crystal scimitar
 70755 | IceCv    | Identified the cursed +1 scimitar "Tunt" {freeze, rF- rN+++ MR++ MP-9} (You found it in an ice cave)
 71805 | D:13     | Identified Sif Muna's Volume of Earth and Fire (Sif Muna gifted it to you on level 13 of the Dungeon)
 71805 | D:13     | Received a gift from Sif Muna
 72035 | D:13     | Learned a level 5 spell: Bolt of Magma
 72685 | D:14     | Noticed Josephine
 72801 | D:14     | Killed Josephine
 73122 | D:14     | Noticed WhatIsLove's ghost (journeyman OpCj)
 73127 | D:14     | Killed WhatIsLove's ghost
 73136 | D:14     | Noticed Louise
 73145 | D:14     | Killed Louise
 73145 | D:14     | Reached skill level 15 in Conjurations
 73683 | D:14     | Found a gate to the Vaults.
 74506 | D:14     | Found a sacrificial altar of Ru.
 74900 | Elf:1    | Entered Level 1 of the Elven Halls
 75291 | Elf:1    | Identified Zifa's Reference Book on the Damaging Glacier (Sif Muna gifted it to you on level 1 of the Elven Halls)
 75291 | Elf:1    | Received a gift from Sif Muna
 76212 | Elf:2    | Reached skill level 5 in Shields
 76695 | Elf:2    | Found Neusy's Weapon Shop.
 76856 | Elf:2    | Found a runed gate.
 76856 | Elf:2    | Found a runed gate.
 76857 | Elf:2    | Found a runed gate.
 77154 | Elf:3    | Entered Level 3 of the Elven Halls
 77472 | Elf:3    | HP: 3/142 [deep elf master archer/arrow (34)]
 79285 | Shoals:4 | Noticed Ilsuiw
 79288 | Shoals:4 | Killed Ilsuiw
 80366 | Shoals:4 | Reached XP level 20. HP: 44/149 MP: 3/44
 81573 | Shoals:4 | Identified the +4 great mace "Vozi Yne" {vamp, rElec MR+ Str+2} (You found it on level 4 of the Shoals)
 81754 | Shoals:4 | Reached skill level 10 in Shields
 81792 | Shoals:4 | Got a barnacled rune of Zot
 82368 | Shoals:2 | Killed Roxanne
 82444 | Shoals:2 | Identified Roxanne's Catalogue of the Mountains (You took it off Roxanne on level 2 of the Shoals)
 82841 | D:15     | Entered Level 15 of the Dungeon
 83769 | D:15     | Found a staircase to the Depths.
 85356 | Elf:3    | Identified the +2 leather armour of the Devil {Str+4} (You took it off a deep elf sorcerer on level 3 of the Elven Halls)
 85454 | Elf:3    | Identified the +4 short sword of the Ship {pain, rPois} (You took it off a deep elf high priest on level 3 of the Elven Halls)
 85576 | Elf:3    | Identified the ring of Umyfeim {rPois rF+ Dex+4} (You took it off a deep elf elementalist on level 3 of the Elven Halls)
 85793 | Elf:3    | Identified the Compendium of the Tired Beggars
 85801 | Elf:3    | Learned a level 6 spell: Death Channel
 86615 | Elf:3    | Identified the ring of Noewezu {Wiz Str+4 Int+5 Dex-5} (You took it off a deep elf elementalist on level 3 of the Elven Halls)
 87914 | Vaults:1 | Entered Level 1 of the Vaults
 88415 | Vaults:1 | Reached XP level 21. HP: 147/155 MP: 25/45
 89097 | Vaults:1 | Learned a level 2 spell: Blink
 90208 | Vaults:2 | Noticed Mennas
 90479 | Vaults:2 | Reached skill level 15 in Shields
 91427 | Vaults:2 | Noticed Jorgrun
 91429 | Vaults:2 | Killed Jorgrun
 91429 | Vaults:2 | Reached skill level 21 in Spellcasting
 91483 | Vaults:2 | Noticed Saint Roka
 91500 | Vaults:2 | Killed Saint Roka
 92172 | Depths:1 | Entered Level 1 of the Depths
 92177 | Depths:1 | Noticed Nikola
 92432 | Depths:1 | Killed Nikola
 92929 | Depths:1 | Found a corrupted altar of Lugonu.
 92930 | Depths:1 | Found a one-way gate to the infinite horrors of the Abyss.
 92945 | Depths:1 | Noticed Mara
 92951 | Depths:1 | Noticed Kriby's illusion
 93228 | Depths:1 | Killed Mara
 93370 | Depths:1 | Identified Legae's Catalogue of the Harmful Mountains (Sif Muna gifted it to you on level 1 of the Depths)
 93370 | Depths:1 | Received a gift from Sif Muna
 93837 | Depths:1 | Found a gateway to Hell.
 93839 | Depths:1 | Reached XP level 22. HP: 132/161 MP: 28/47
 94433 | Depths:2 | Reached skill level 15 in Fire Magic
 95454 | Depths:2 | Identified Zezivuc's Disquisition on Freezing Confrontation (Sif Muna gifted it to you on level 2 of the Depths)
 95454 | Depths:2 | Received a gift from Sif Muna
 96317 | Depths:2 | Reached skill level 22 in Spellcasting
 96706 | Depths:2 | Found a one-way gate leading to the halls of Pandemonium.
 97869 | Depths:3 | Found a gateway to a ziggurat.
 98996 | Depths:3 | Found a runed door.
 99790 | Depths:3 | Noticed a caustic shrike
 99790 | Depths:3 | Noticed a caustic shrike
 99806 | Depths:3 | HP: 5/161 [acid (7)]
 99807 | Depths:3 | Slain by a tengu reaver

Vault maps used:
D:1:      matt_arrival_los_fun
D:2:      chequers_ecumenical_altar_simple, first_bread, uniq_terence,
          uniq_robin
D:3:      uniq_grinder, uniq_crazy_yiuf_cottage, uniq_natasha
D:4:      trog_book
D:5:      corexii_shantytown, old_standard_altar
D:6:      basic_altar, uniq_prince_ribbit1
D:8:      elyvilon_altar_4, gammafunk_temple_overflow_elements,
          dpeg_oklobed_lair, serial_shops, shop, basic_altar
D:9:      lemuel_zombie_altar_kikubaaqudgha, orc_0_dummy
D:10:     basic_altar, serial_shops, shop, shop, shop,
          nicolae_shop_temple_entry_statues_fountains,
          nicolae_shop_window_shopping, uniq_fannar
D:12:     hangedman_stone_soup, uniq_azrael
D:13:     minmay_opposing_rooms, portal_ice_cave_entry_ice_beasts,
          lemuel_nasty_fountain, uniq_erolcha
D:14:     minmay_box_of_statues, david_vaults_1, hangedman_ru_absence,
          uniq_louise, uniq_josephine
D:15:     gammafunk_enter_depths_forms, kennysheep_doodads
Temple:   nicolae_temple_elliptical
Lair:1:   grunt_megastairs_5
Lair:2:   minmay_snake_entry_guardpost_small, uniq_erica
Lair:3:   lab_entry_generic
Lair:4:   elwin_shoals_entry_stream
Lair:5:   nicolae_slime_entry_slimehenge, grunt_megastairs_1, uniq_urug
Lair:6:   evilmike_catoblepas_cave, lemuel_fruit_fields
Shoals:1: serial_shops, shop
Shoals:2: uniq_polyphemus, uniq_kirke, uniq_roxanne
Shoals:3: nicolae_shoals_undead_eyrie
Shoals:4: shoals_end_grunt_garden, shoal_ilsuiw
Snake:1:  serial_shops, statue_bzr, shop, nicolae_shop_behind_doors,
          spider_trap, nicolae_large_snake_swirl
Snake:2:  serial_shops, nicolae_shop_crystal, nicolae_snake_double_loop
Snake:3:  grunt_megastairs_4, uniq_aizul
Snake:4:  snake_pit_salamanders_mu
Orc:1:    lemuel_ogre_cave, trog_butcher_becter
Orc:2:    st_orc_congregation
Elf:1:    elf_arrival_001, evilmike_minifort
Elf:2:    serial_shops, shop
Elf:3:    grunt_elf_hall_branching, nicolae_elf_big_sculpture_1
Vaults:1: ontoclasm_vaults_chip, vaults_mumra_minichess,
          ontoclasm_vaults_gateway, dpeg_vaults_monster_box,
          ontoclasm_vaults_loading_screen, v_pattern_2, v_misc_8, v_misc_4,
          v_alt_pattern_1, v_misc_9, vaults_mumra_chevron,
          ontoclasm_vaults_ring_large
Vaults:2: nicolae_vaults_murderbox, grunt_vaults_funnel, v_pattern_1,
          minmay_crypt_entry_simple_box, nicolae_vaults_windows_and_doors_thing,
          v_alt_pattern_4, hangedman_vaults_trim,
          nicolae_vaults_little_squares_1, nicolae_vaults_little_squares_2,
          uniq_saint_roka, uniq_jorgrun, uniq_mennas
Depths:1: hangedman_coc_ice_floe, abyss_entry_flame_altar,
          kennysheep_cluttered_room, minmay_fountain_box,
          hangedman_decor_opposing, minmay_acid_items, uniq_mara, uniq_nikola
Depths:2: kennysheep_spiral_hall, pf_hell_entry_tar_river,
          kennysheep_flooded_box, grunt_pan_entry_in_and_out,
          infiniplex_staircase_diamond
Depths:3: kennysheep_six_static_rooms, enter_ziggurat_c, grunt_decor_fettered,
          grunt_hell_entry_dis_grunt, pan_entry, minmay_st_funbox
Lab:      labyrinth_spiral, nicolae_lab_do_over, nicolae_lab_garden
Bazaar:   bazaar_outfitter
IceCv:    ice_cave_caverns_01

Skill      XL: |  1  2  3  4  5  6  7  8  9 10 11 12 13 14 15 16 17 18 19 20 21 22 |
---------------+-------------------------------------------------------------------+-----
Conjurations   | 1 2 3 4 5 7 9 10 11 13 14 15 16 | 16.4
Shields        | 2 3 4 9 13 15 | 15.0
Spellcasting   | 4 5 6 8 11 12 16 17 18 19 20 21 22 | 22.3
Fire Magic     | 3 4 5 7 9 10 11 12 13 14 15 | 15.5
Fighting       | 2 6 10 | 10.8
Staves         | 1 |  1.3
Invocations    | 4 8 10 | 10.6
Dodging        | 4 |  4.0
Armour         | 3 |  3.4
Necromancy     | 6 |  6.6
Stealth        | |  1.5

Action                   |  1- 3 |  4- 6 |  7- 9 | 10-12 | 13-15 | 16-18 | 19-21 | 22-24 || total
-------------------------+-------+-------+-------+-------+-------+-------+-------+-------++-------
Melee: Hand axe          |    13 |    24 |       |       |       |       |       |       ||    37
       Staff             |       |     4 |   149 |    99 |    23 |     4 |    12 |     1 ||   292
       Trident           |       |       |    23 |       |       |       |       |       ||    23
       War axe           |       |       |       |    20 |       |       |       |       ||    20
       Demon whip        |       |       |       |    23 |    54 |    38 |    33 |       ||   148
Throw: Tomahawk          |       |       |       |       |       |     1 |       |       ||     1
       Javelin           |       |       |       |       |       |       |     1 |       ||     1
 Cast: Flame Tongue      |    85 |   114 |   387 |   227 |    39 |    25 |     3 |       ||   880
       Conjure Flame     |       |     3 |    31 |    29 |    12 |    16 |     2 |       ||    93
       Sticky Flame      |       |     1 |    21 |    42 |   111 |    63 |    50 |     8 ||   296
       Throw Flame       |       |       |     1 |     6 |       |     3 |     5 |       ||    15
       Fireball          |       |       |       |   148 |   540 |   213 |   472 |   128 ||  1501
       Repel Missiles    |       |       |       |       |     4 |     7 |     8 |     2 ||    21
       Bolt of Draining  |       |       |       |       |       |   529 |       |       ||   529
       Orb of Destructio |       |       |       |       |       |    19 |   160 |    35 ||   214
       Delayed Fireball  |       |       |       |       |       |     1 |     1 |       ||     2
       Bolt of Magma     |       |       |       |       |       |       |   198 |    49 ||   247
       Death Channel     |       |       |       |       |       |       |    12 |     3 ||    15
       Blink             |       |       |       |       |       |       |    10 |     6 ||    16
Invok: Channel Magic     |       |       |       |     2 |    24 |    15 |    25 |     4 ||    70
       Divine Energy     |       |       |       |       |     1 |       |       |     1 ||     2
       Stop Divine Energ |       |       |       |       |     1 |       |       |     1 ||     2
 Abil: Release Delayed F |       |       |       |       |       |       |     1 |       ||     1
Evoke: Staff of energy   |       |       |       |       |     9 |       |    11 |    14 ||    34
       Wand              |       |       |       |       |       |     1 |     2 |     1 ||     4
       Lamp of fire      |       |       |       |       |       |     1 |       |       ||     1
  Use: Scroll            |       |     5 |    11 |    12 |     7 |    19 |    22 |     1 ||    77
Armor: Robe              |    10 |    17 |    72 |    55 |    41 |    34 |    39 |     4 ||   272
       Ring mail         |       |       |       |       |       |    41 |       |       ||    41
Dodge: Dodged            |    43 |    41 |   127 |   103 |   114 |   189 |   177 |    25 ||   819
       Deflected         |       |       |       |       |     7 |    15 |    29 |     6 ||    57
Block: Buckler           |       |     6 |    78 |    61 |    53 |   112 |    94 |       ||   404
       Shield            |       |       |       |       |       |       |    42 |    24 ||    66
       Reflection        |       |       |       |       |       |       |     9 |     4 ||    13
